 Seeded DCSS version 0.30.1-9-gdf580d7c3d (webtiles) character file.

Game seed: 9106806156630997546 (custom seed)

8 Psyclone the Conjurer (level 2, 0/15 HPs)
             Began as a Deep Elf Conjurer on Oct 9, 2023.
             Frozen to death by an endoplasm (3 damage)
             ... on level 4 of the Dungeon.
             The game lasted 00:00:05 (244 turns).

Psyclone the Conjurer (Deep Elf Conjurer)            Turns: 244, Time: 00:00:06

Health: 0/15       AC:  2    Str:  4    XL:     2   Next: 0%
Magic:  7/8        EV: 12    Int: 22    God:
Gold:   73         SH:  0    Dex: 13    Spells: 4/7 levels left

rFire   . . .        (no weapon)
rCold   . . .        (no shield)
rNeg    . . .        a - +0 robe
rPois   .            (no helmet)
rElec   .            (no cloak)
rCorr   .            (no gloves)
SInv    .            (no boots)
Will    .....        (no amulet)
Stlth   ++           (no ring)
HPRegen 0.22/turn    (no ring)
MPRegen 0.11/turn

%: no passive effects
@: no status effects
A: no striking features
a: no special abilities


You were on level 4 of the Dungeon.
You visited 1 branch of the dungeon, and saw 4 of its levels.

You collected 73 gold pieces.

Inventory:

Armour
 a - a +0 robe (worn)
Potions
 b - a potion of magic
 c - a potion of haste {unknown}


   Skills:
 - Level 2.4 Dodging
 - Level 2.4 Stealth
 - Level 3.0 Spellcasting
 + Level 4.9 Conjurations


You had 4 spell levels left.
You knew the following spells:

 Your Spells              Type           Power      Damage    Failure   Level
a - Magic Dart            Conj           100%       1d8       1%          1
b - Searing Ray           Conj           50%        2d6       2%          2

Your spell library contained the following spells:

 Spells                   Type           Power      Damage    Failure   Level
 Dazzling Flash           Conj/Hex       28%        N/A       14%         3
 Fulminant Prism          Conj/Hex       7%         3d7       41%         4
 Iskenderun's Mystic Bla  Conj/Tloc      14%        2d5       41%         4


Dungeon Overview and Level Annotations

Branches:
Dungeon (4/15) Zot: 23754
 Temple: D:4-7

Altars:
Qazlal

Annotations:
D:3 Natasha


Message History

You hit the endoplasm.
The endoplasm is moderately wounded.
The endoplasm freezes you.
You are frozen.
The kobold barely misses you.
You barely miss the endoplasm.
The endoplasm is moderately wounded.
The dart slug bites you but does no damage.
The endoplasm closely misses you. The kobold hits you with a +0 club.
The hobgoblin shouts!
You hit the endoplasm.
The endoplasm is heavily wounded.
The dart slug bites you. The kobold misses you.
The endoplasm closely misses you.
You hit the endoplasm.
The endoplasm is severely wounded.
The kobold hits you but does no damage. The dart slug completely misses you.
The endoplasm closely misses you.
You take 8 damage, and have 7/15 hp.
MASSIVE DAMAGE!!
You can't go down here!
You hit the dart slug but do no damage. The kobold completely misses you.
The endoplasm hits you. The endoplasm attacks as you move away!
The endoplasm misses you. The dart slug bites you.
The kobold hits you with a +0 club.
* * * LOW HITPOINT WARNING * * *
There is a stone staircase leading up here.
You hit the dart slug.
The dart slug is lightly wounded.
The dart slug barely misses you. The endoplasm closely misses you.
The kobold hits you with a +0 club.
* * * LOW HITPOINT WARNING * * *
You hit the dart slug.
The dart slug is moderately wounded.
The endoplasm barely misses you. The kobold misses you.
You hit the dart slug but do no damage.
The dart slug is moderately wounded.
The dart slug launches a dart at you. The slug dart misses you.
The kobold closely misses you. The endoplasm freezes you.
You are frozen.
You die...

.#..
#...
.....
...8.
.....
...###
#'.##


#gKJ# ##w@# #### You could see a dart slug, an endoplasm, a hobgoblin and a
kobold.

Vanquished Creatures
  A dart slug (D:2)
  A bat (D:1)
  3 jackals
5 creatures vanquished.

Notes
Turn   | Place    | Note
-------+----------+-------------------------------------------
     0 | D:1      | Psyclone the Deep Elf Conjurer began the quest for the Orb.
     0 | D:1      | Reached XP level 1. HP: 10/10 MP: 6/6
    28 | D:2      | Found a stormy altar of Qazlal.
   142 | D:2      | Reached XP level 2. HP: 15/15 MP: 5/8
   205 | D:2      | Learned a level 2 spell: Searing Ray
   206 | D:3      | Noticed Natasha
   244 | D:4      | Frozen to death by an endoplasm

Illustrated notes

Levels and vault maps discovered:
D:1:      onia_arrival_mini_spirals, layout_loops_ring, serial_shops, shop
D:2:      layout_rooms, basic_altar, reono_crystal_passage, minmay_tetromino_l2,
          uniq_robin, uniq_jessica, uniq_crazy_yiuf_cottage
D:3:      layout_loops_ring, uniq_sigmund, uniq_natasha
D:4:      layout_rooms, ebering_ghost_sewer_d, nicolae_take_the_stairs,
          grunt_ministairs_6, ebering_dispersal_statue_hall,
          minmay_ogre_servants

Action                     || total
---------------------------++-------
  Melee: Unarmed           ||    14
   Cast: Magic Dart        ||    11
         Searing Ray       ||     1
 Armour: Robe              ||     5
  Dodge: Dodged            ||    32
